 Seeded DCSS version 0.30.1-4-g462c640d31 (webtiles) character file.

Game seed: 6351066067085065685 (custom seed)

4 Esekla the Grave Robber (level 1, 0/10 HPs)
             Began as a Deep Elf Necromancer on Aug 12, 2023.
             Was an Initiate of Vehumet.
             Slain by a hobgoblin (4 damage)
             ... on level 3 of the Dungeon.
             The game lasted 00:04:26 (522 turns).

Esekla the Grave Robber (Deep Elf Necromancer)       Turns: 522, Time: 00:04:26

Health: 0/10       AC:  4    Str:  5    XL:     1   Next: 50%
Magic:  6/6        EV: 12    Int: 19    God:    Vehumet [......]
Gold:   77         SH:  0    Dex: 15    Spells: 5/6 levels left

rFire   . . .        c - +0 short sword
rCold   . . .        (no shield)
rNeg    . . .        a - +0 robe
rPois   .            i - +0 helmet
rElec   .            (no cloak)
rCorr   .            l - +0 pair of gloves
SInv    .            (no boots)
Will    .....        (no amulet)
Stlth   ++           (no ring)
HPRegen 0.21/turn    (no ring)
MPRegen 0.10/turn

%: no passive effects
@: no status effects
A: no striking features
a: Renounce Religion


You were on level 3 of the Dungeon.
You worshipped Vehumet.
Vehumet was noncommittal.
You visited 1 branch of the dungeon, and saw 4 of its levels.

You collected 77 gold pieces.

Inventory:

Hand Weapons
 c - a +0 short sword (weapon)
Armour
 a - a +0 robe (worn)
 i - a +0 helmet (worn)
 l - a +0 pair of gloves (worn)
Wands
 g - a wand of roots (9)
Scrolls
 e - a scroll of fear {unknown}
Potions
 b - a potion of magic
 d - a potion of ambrosia {unknown}
 f - a potion of haste {unknown}
 h - a potion of mutation {unknown}
 j - a potion of curing {unknown}
 k - a potion of attraction {unknown}


   Skills:
 + Level 0.2 Short Blades
 * Level 2.4 Dodging
 + Level 2.5 Stealth
 * Level 3.2 Spellcasting
 + Level 4.8 Necromancy


You had 5 spell levels left.
You knew the following spells:

 Your Spells              Type           Power      Damage    Failure   Level
a - Necrotise             Necr           84%        1d8       1%          1

Your spell library contained the following spells:

 Spells                   Type           Power      Damage    Failure   Level
 Vampiric Draining        Necr           21%        2d7       6%          3
 Animate Dead             Necr           21%        N/A       21%         4
 Agony                    Necr           21%        N/A       50%         5


Dungeon Overview and Level Annotations

Branches:
Dungeon (4/15)
 Temple: D:4-7

Altars:
Okawaru
Vehumet
Zin

Shops:
D:2 =


Message History

There is an open door here.
j - a bubbling blue potion
Found a stone staircase leading down.
There is a stone staircase leading down here.
Found 15 gold pieces.
Found a pair of gloves and a bubbling green potion.
You now have 77 gold pieces (gained 15).
A kobold comes into view. It is wielding a +0 dagger.
You see here a bubbling green potion.
k - a bubbling green potion You see here a +0 pair of gloves.
You start putting on your armour.
You continue putting on your +0 pair of gloves. x4
You finish putting on your +0 pair of gloves.
Found a stone staircase leading up.
The kobold shouts!
The kobold closely misses you.
You hit the kobold.
You kill the kobold!
Vehumet accepts your kill.
You see here a +0 dagger.
There is a stone staircase leading up here.
You climb upwards.
There is a stone staircase leading down here.
A hobgoblin comes into view.
The hobgoblin shouts!
The hobgoblin moves out of view.
You closely miss the hobgoblin. The hobgoblin completely misses you.
You completely miss the hobgoblin. The hobgoblin hits you.
You barely miss the hobgoblin. The hobgoblin barely misses you.
You hit the hobgoblin but do no damage.
The hobgoblin hits you but does no damage.
You barely miss the hobgoblin. The hobgoblin closely misses you.
You closely miss the hobgoblin. The hobgoblin misses you.
You closely miss the hobgoblin. The hobgoblin hits you.
You completely miss the hobgoblin. The hobgoblin hits you.
You hit the hobgoblin.
The hobgoblin is heavily wounded.
The hobgoblin hits you.
You die...

.#.### .#
..... ..#
##.... ....
#....
#....##...
#....#...
.......g##+#
#...@##.#
###....##.#
..........>#
##########.#
#.# #.# #.#
#.# #.#


You could see a hobgoblin.

Vanquished Creatures
  A ball python (D:2)
  3 kobolds
4 creatures vanquished.

Notes
Turn   | Place    | Note
-------+----------+-------------------------------------------
     0 | D:1      | Esekla the Deep Elf Necromancer began the quest for the
                  | Orb.
     0 | D:1      | Reached XP level 1. HP: 10/10 MP: 6/6
   234 | D:2      | Found Renulab's Jewellery Shop.
   330 | D:4      | Found an iron altar of Okawaru.
   364 | D:4      | Found a glowing silver altar of Zin.
   423 | D:4      | Found a radiant altar of Vehumet.
   427 | D:4      | Became a worshipper of Vehumet
   522 | D:3      | Slain by a hobgoblin

Illustrated notes

Levels and vault maps discovered:
D:1:      sevenhm_arrival_forest_fort_small_3, layout_rooms,
          chequers_serial_rivers_room_b, minmay_misc_feat_five
D:2:      layout_loops_ring, dreamdust_ecumenical_altar_angels_and_demons,
          serial_shops, shop
D:3:      layout_basic, grunt_temple_overflow_open, minmay_misc_feat_iff
D:4:      layout_basic, nicolae_overflow_quartered_altars, serial_shops,
          nicolae_diamond_shop

Action                     || total
---------------------------++-------
  Melee: Short sword       ||    16
         Unarmed           ||     9
 Armour: Robe              ||     5
  Dodge: Dodged            ||    18
